 Dungeon Crawl Stone Soup version 0.17.1-1-g73c8601 (console) character file.

108341 Kloppie the Fencer (level 16, -9/195 HPs)
             Began as a Deep Dwarf Gladiator on Jan 2, 2016.
             Was the Champion of Makhleb.
             Killed from afar by Nikola (24 damage)
             ... with a chain lightning
             ... on level 2 of the Swamp.
             The game lasted 01:20:25 (24818 turns).

Kloppie the Fencer (Deep Dwarf Gladiator)          Turns: 24818, Time: 01:20:26

Health: -9/195     AC: 17    Str: 21    XL:     16   Next: 2%
Magic:  14/14      EV: 28    Int: 12    God:    Makhleb [******]
Gold:   2529       SH:  0    Dex: 22    Spells: 0 memorised, 15 levels left

rFire  . . .     SeeInvis .     a - +0 great sword (venom)
rCold  . . .     Clarity  +     d - +1 ring mail "Hofib" {Dex+4 Slay+6}
rNeg   + . .     SustAt   .     (shield currently unavailable)
rPois  +         Gourm    .     V - +1 helmet {Int+3}
rElec  .         Spirit   .     s - +0 cloak
rCorr  .         Warding  .     T - +1 pair of gloves
rMut   .         Stasis   .     m - +1 pair of boots
MR     ++...                    R - amulet of clarity
Stlth  +.........               n - ring of poison resistance
                                z - +5 ring of evasion

@: non-regenerating, very resistant to hostile enchantments, very unstealthy
A: damage resistance, recharge devices, hooves 1, blurry vision 1, negative
energy resistance 1, sense surroundings 2, robust 2, slow regeneration 3
a: Device Recharging, Minor Destruction, Lesser Servant of Makhleb, Major
Destruction, Greater Servant of Makhleb, Renounce Religion


You were on level 2 of the Swamp.
You worshipped Makhleb.
Makhleb was exalted by your worship.
You were not hungry.

You visited 4 branches of the dungeon, and saw 28 of its levels.
You also visited: Labyrinth, Ossuary and Bailey.

You collected 2849 gold pieces.
You spent 320 gold pieces at shops.

Inventory:

Hand Weapons
 a - a +0 great sword of venom (weapon)
 b - a +1 scimitar of flaming
Missiles
 t - a throwing net (quivered)
Armour
 d - the +1 ring mail "Hofib" (worn) {Dex+4 Slay+6}
   (You found it on level 1 of the Lair of Beasts)

   It affects your dexterity (+4).
   It affects your accuracy and damage with ranged weapons and melee attacks
   (+6).
 m - a +1 pair of boots (worn)
 s - a +0 cloak (worn)
 T - a +1 pair of gloves (worn)
 V - a +1 helmet of intelligence (worn)
Rods
 o - a +8 rod of destruction (11/11)
   (You found it on level 8 of the Lair of Beasts)
Jewellery
 n - a ring of poison resistance (right hand)
 z - a +5 ring of evasion (left hand)
 C - an uncursed ring of teleportation
 E - an uncursed amulet of resist corrosion
 F - an uncursed ring of stealth
 H - an uncursed ring of protection from magic
 Q - an uncursed ring of ice
 R - an amulet of clarity (around neck)
Wands
 e - a wand of heal wounds (2)
 w - a wand of disintegration (11)
 G - a wand of paralysis (6)
 L - a wand of digging (10)
Scrolls
 h - 14 scrolls of remove curse
 l - 4 scrolls of enchant weapon
 r - 6 scrolls of fog
 v - 6 scrolls of teleportation
 y - 14 scrolls of identify
 D - 3 scrolls of enchant armour
 I - a scroll of magic mapping
 J - a scroll of fear
 O - 3 scrolls of recharging
Potions
 i - 4 potions of haste
 k - 6 potions of heal wounds
 p - 18 potions of curing {unknown}
 u - 3 potions of resistance
 x - a potion of flight
 A - a potion of berserk rage
 N - 4 potions of cure mutation
 W - 3 potions of agility
Books
 g - a book of the Warp

   Spells                             Type                      Level
   a - Recall                         Summoning/Translocation      3
   b - Gell's Gravitas                Hexes/Translocation          3
   c - Force Lance                    Conjuration/Translocation    4
   d - Phase Shift                    Translocation                5
   e - Warp Weapon                    Charms/Translocation         5
   f - Summon Forest                  Summoning/Translocation      5
Miscellaneous
 c - a phial of floods
 j - a box of beasts
 B - a stone of tremors
Comestibles
 f - 13 bread rations
 K - 3 royal jellies
 M - 12 meat rations


   Skills:
 + Level 15.1 Fighting
 + Level 16.5 Long Blades
 - Level 1.7 Throwing
 - Level 12.0 Armour
 + Level 13.1 Dodging
 - Level 5.5 Invocations


You had 15 spell levels left.
You didn't know any spells.

Dungeon Overview and Level Annotations

Branches:
Dungeon (14/15)            Temple (0/1) D:4            Lair (8/8) D:11
  Swamp (2/4) Lair:4        Snake (0/4) Lair:6        Slime (0/6) Lair:7
    Orc (4/4) D:9             Elf (0/3) Orc:3        Vaults (0/5) D:13

Altars:
Ashenzari
Dithmenos
Elyvilon
Fedhas
Makhleb
Sif Muna
Trog
Yredelemnul
Beogh
Jiyva

Shops:
D:4 %   D:9 *   D:13 ?   D:14 :   Orc:1 *   Orc:2 :   Orc:3 [   Orc:4 :*[[(

Annotations:
D:3 Grinder
Lair:5 exclusion: 3 oklob plants
Swamp:2 Nikola


Innate Abilities, Weirdness & Mutations

You are resistant to damage.
You can recharge devices by infusing magical energy.
You resist negative energy.
You passively map the area around you.
You do not regenerate naturally.
You have large cloven feet.
Scrolls take you a little longer to read.
You are very robust (+20% HP).


Message History

Donald the Adventurer comes into view.
He is wielding a long sword of slicing.
Donald barely misses you.
Nikola casts a spell.
You hear a mighty clap of thunder!
The lightning arc hits you!
* * * LOW HITPOINT WARNING * * *
The lightning arc hits Donald.
The lightning arc hits you!
* * * LOW HITPOINT WARNING * * *
The lightning arc hits Nikola.
The lightning arc hits you!
* * * LOW HITPOINT WARNING * * *
The lightning arc hits Donald.
Donald misses you.
Nikola casts a spell.
You hear a mighty clap of thunder!
The lightning arc hits Donald.
The lightning arc hits you!
* * * LOW HITPOINT WARNING * * *
The lightning arc hits Donald.
Donald dies!
You hear a splash. x3
The lightning arc hits you!
You die...

)≈..≈≈≈≈....≈≈≈.♣ ♣..†.≈..
♣≈≈≈≈≈≈≈.....≈≈.♣♣♣♣≈..÷...
≈≈.≈≈≈≈.....≈≈≈@♣..♣.≈≈≈≈≈≈
.≈≈≈≈≈≈...≈..≈≈≈≈♣≈≈..≈♣♣≈≈ *,
..≈≈≈?≈..♣♣♣.≈≈≈.≈♣♣..≈♣♣≈. *
.........♣≈≈..≈≈≈...≈≈.♣♣♣.
≈.≈≈≈.≈.♣).≈≈≈≈≈≈!..≈≈≈.... ≈
≈≈♣♣..≈≈.♣.≈≈≈≈≈≈..<≈≈≈≈≈.. ≈≈.,
♣♣..♣♣♣@≈≈≈≈≈≈..≈.≈≈≈≈≈≈ * ≈
♣♣♣♣....≈≈.≈....≈≈..≈≈≈ *
♣♣♣♣♣♣≈≈.≈.≈§≈♣♣♣≈≈♣.≈≈..≈≈
♣♣♣♣≈♣≈......?♣♣♣≈♣♣♣♣≈.≈≈†...
♣♣≈♣♣.≈...≈≈≈..♣≈.♣♣ ♣≈.≈≈≈.§♣
♣♣......≈...≈≈.♣≈§≈.♣♣♣♣♣≈.≈≈♣♣♣
♣≈≈≈≈≈≈≈......≈♣≈.≈≈≈≈≈♣♣≈.♣♣♣
♣.≈≈≈≈≈≈.≈......♣♣.≈≈≈≈....♣♣
♣:..≈≈≈≈.≈..≈♣.≈♣.......≈≈≈≈♣


You could see Nikola.

Vanquished Creatures
  Rupert (Orc:4)
  Kirke (Swamp:2)
  3 orc warlords
  The ghost of Flanowski the Tortoise, a journeyman MiFi of Makhleb (Orc:4)
  The ghost of Flanowski the Spear-Bearer, a journeyman MfBe of Trog (Lair:5)
  The ghost of Flanowski the Spry, a journeyman VSAs of Dithmenos (Lair:7)
  A fire dragon (D:12)
  A minotaur (Lab)
  3 centaur warriors
  3 catoblepae (Lair:8)
  8 hydras
  17 death yaks
  The ghost of Flanowski the Spear-Bearer, a novice MfBe of Trog (D:8)
  4 alligators
  A queen ant (D:11)
  2 orc high priests (Orc:3)
  An unseen horror (D:12)
  7 hill giants
  A spriggan druid (Swamp:2)
  A shambling mangrove (Swamp:2)
  Pikel (D:6)
  5 orc knights
  A griffon (Lair:7)
  4 orc sorcerers
  A wolf spider zombie (D:14)
  An oklob plant (Lair:8)
  6 ugly things
  The ghost of Mysteryquy the Grappler, a novice VSMo of Cheibriados (D:7)
  2 cyclopes
  A centaur zombie (D:13)
  6 black mambas
  Psyche (D:8)
  An efreet (D:14)
  2 kobold demonologists
  7 komodo dragons
  A gargoyle (D:14)
  20 spiny frogs
  2 fire drakes (Lair:6)
  5 trolls
  4 polar bears
  3 two-headed ogres
  2 giant leeches
  9 slime creatures
  17 blink frogs
  A shadow (D:12)
  A trapdoor spider (D:12)
  3 wraiths
  6 spriggans
  A vampire (D:13)
  45 yaks
  3 deep elf magi
  4 hogs (Swamp:2)
  2 wyverns
  9 hippogriffs
  2 basilisks
  2 vampire mosquitoes (Swamp:2)
  2 fire bats (Orc:1)
  3 wargs (Orc:3)
  A hungry ghost (D:14)
  5 wolves (Lair:4)
  A mottled dragon (D:13)
  4 nagas (Lair:6)
  15 soldier ants (D:11)
  15 water moccasins
  4 swamp worms (Swamp:1)
  12 porcupines
  2 swamp drakes
  A black bear (D:6)
  49 orc warriors
  A slave (D:6)
  4 phantoms
  2 sky beasts
  8 wasps
  4 ice beasts
  10 ogres
  9 centaurs
  18 crocodiles
  12 big kobolds
  25 giant frogs
  A water moccasin zombie (Ossuary)
  6 scorpions
  4 wights (D:12)
  16 killer bees
  2 electric eels
  7 crimson imps
  7 giant frog zombies
  3 bog bodies
  3 quasits (D:8)
  2 hounds
  5 centaur skeletons
  9 jellies
  36 orc priests
  Jessica (D:2)
  37 orc wizards
  12 iguanas
  42 worker ants
  3 killer bee zombies
  14 sheep
  3 hound zombies
  11 mummies (Ossuary)
  A worker ant zombie (Ossuary)
  13 gnolls (Bailey)
  14 adders
  40 river rats
  3 shadow imps
  17 oozes
  An adder skeleton (D:9)
  7 adder zombies
  A worm (D:3)
  4 giant geckos
  211 orcs
  6 giant cockroaches
  29 hobgoblins
  15 jackals
  37 kobolds
  4 quokkas
  12 bats
  A giant gecko skeleton (D:5)
  A giant gecko zombie (Ossuary)
  5 giant newts
  22 goblins
  A goblin zombie (D:4)
  A jackal skeleton (D:5)
  2 jackal zombies (Ossuary)
  A quokka skeleton (D:5)
  3 quokka zombies
  11 rats
  A bush (Lair:8)
  A plant (Lair:5)
1137 creatures vanquished.

Vanquished Creatures (collateral kills)
  A wolf (Lair:3)
  A porcupine (Lair:3)
  An orc priest (Orc:4)
  2 river rats (Lair:3)
  5 orcs (Orc:4)
10 creatures vanquished.

Vanquished Creatures (others)
  Donald (Swamp:2)
  An orc wizard (D:8)
  A sheep (Lair:8)
  2 orcs (Orc:1)
  4 jackals (D:7)
  2 kobolds (D:7)
  7 fungi
  A plant (Ossuary)
19 creatures vanquished.

Grand Total: 1166 creatures vanquished

Notes
Turn   | Place    | Note
--------------------------------------------------------------
     0 | D:1      | Kloppie the Deep Dwarf Gladiator began the quest for the Orb.
     0 | D:1      | Reached XP level 1. HP: 19/19 MP: 1/1
   349 | D:1      | Reached XP level 2. HP: 24/26 MP: 2/2
   531 | D:1      | Reached skill level 1 in Armour
   834 | D:2      | Found a shattered altar of Ashenzari.
   834 | D:2      | Found a bloodstained altar of Trog.
   907 | D:2      | Reached XP level 3. HP: 20/32 MP: 3/3
  1111 | D:2      | Noticed Jessica
  1130 | D:2      | Killed Jessica
  1130 | D:2      | Reached XP level 4. HP: 26/40 MP: 4/4
  1578 | D:2      | Found a burning altar of Makhleb.
  1651 | D:2      | Became a worshipper of Makhleb the Destroyer
  1773 | D:3      | Reached skill level 4 in Long Blades
  1996 | D:3      | Reached * piety under Makhleb
  2162 | D:3      | Noticed Grinder
  2227 | D:4      | Noticed an ogre
  2244 | D:4      | Killed an ogre
  2244 | D:4      | Reached XP level 5. HP: 28/49 MP: 5/5
  2248 | D:4      | Noticed an ogre
  2263 | D:4      | Killed an ogre
  2263 | D:4      | Reached XP level 6. HP: 9/57 MP: 6/6
  2634 | D:4      | Found a sand-covered staircase.
  2642 | Ossuary  | Entered an ossuary
  2730 | Ossuary  | Reached skill level 5 in Long Blades
  2763 | Ossuary  | Reached XP level 7. HP: 64/64 MP: 7/7
  2822 | Ossuary  | Reached ** piety under Makhleb
  3061 | Ossuary  | Reached skill level 5 in Fighting
  3061 | Ossuary  | Reached skill level 5 in Armour
  3141 | D:4      | Noticed a phantom
  3187 | D:4      | Killed a phantom
  3298 | D:4      | Found Tuaripnuo's Food Shoppe.
  3344 | D:4      | Reached skill level 6 in Long Blades
  3378 | D:4      | Found a staircase to the Ecumenical Temple.
  3548 | D:5      | Entered Level 5 of the Dungeon
  3711 | D:5      | Reached XP level 8. HP: 64/74 MP: 8/8
  3747 | D:5      | Found a blossoming altar of Fedhas.
  3747 | D:5      | Found a deep blue altar of Sif Muna.
  4117 | D:5      | Reached *** piety under Makhleb
  4292 | D:5      | You fall through a shaft!
  4516 | D:6      | Found a basalt altar of Yredelemnul.
  4518 | D:6      | Got a brightly glowing ring mail
  4519 | D:6      | Identified the cursed +0 ring mail of Ilineh {rF+} (You found it on level 6 of the Dungeon)
  4857 | D:6      | Reached skill level 7 in Long Blades
  5210 | D:6      | Gained mutation: You passively map the area around you. [Deep Dwarf growth]
  5210 | D:6      | Reached XP level 9. HP: 63/85 MP: 8/8
  5282 | D:6      | Found a white marble altar of Elyvilon.
  5410 | D:7      | Noticed Pikel
  5449 | D:6      | Killed Pikel
  5512 | D:7      | Reached skill level 8 in Long Blades
  5570 | D:7      | Noticed Mysteryquy's ghost (novice VSMo)
  5600 | D:7      | Killed Mysteryquy's ghost
  5644 | D:7      | Reached **** piety under Makhleb
  6039 | D:8      | Noticed Flanowski's ghost (novice MfBe)
  6070 | D:8      | Killed Flanowski's ghost
  6070 | D:8      | Reached skill level 9 in Long Blades
  6070 | D:8      | Reached XP level 10. HP: 85/96 MP: 9/9
  6085 | D:8      | Found a flagged portal.
  6121 | Bailey   | Entered a bailey
  6261 | Bailey   | Reached ***** piety under Makhleb
  6413 | Bailey   | Noticed an orc knight
  6437 | Bailey   | Killed an orc knight
  6518 | Bailey   | Noticed an orc knight
  6518 | Bailey   | Noticed an orc warlord
  6520 | Bailey   | Noticed an orc knight
  6582 | Bailey   | Killed an orc warlord
  6582 | Bailey   | Reached skill level 10 in Long Blades
  6582 | Bailey   | Reached skill level 10 in Armour
  6613 | Bailey   | Killed an orc knight
  6639 | Bailey   | Killed an orc knight
  6683 | Bailey   | Reached XP level 11. HP: 54/106 MP: 8/8
  6793 | D:8      | Gained mutation: You are robust (+10% HP). [potion of mutation]
  6793 | D:8      | Gained mutation: Scrolls take you a little longer to read. [potion of mutation]
  6793 | D:8      | Gained mutation: You are very robust (+20% HP). [potion of mutation]
  6794 | D:8      | Gained mutation: You have large cloven feet. [potion of beneficial mutation]
  6945 | D:8      | Noticed Psyche
  6959 | D:8      | Killed Psyche
  7038 | D:8      | Found a deep blue altar of Sif Muna.
  7511 | D:9      | Found a staircase to the Orcish Mines.
  7521 | D:9      | Found a roughly hewn altar of Beogh.
  7565 | D:9      | Reached skill level 11 in Armour
  7657 | D:9      | Found Icaecy's General Store.
  7761 | D:9      | Reached ****** piety under Makhleb
  8018 | D:10     | Entered Level 10 of the Dungeon
  8587 | D:10     | Noticed a hill giant
  8602 | D:10     | Killed a hill giant
  8649 | D:10     | Noticed a hill giant
  8668 | D:10     | Killed a hill giant
  8668 | D:10     | Reached skill level 10 in Fighting
  9030 | D:11     | Noticed a centaur warrior
  9049 | D:11     | Killed a centaur warrior
  9123 | D:11     | Noticed a hill giant
  9142 | D:11     | Killed a hill giant
  9159 | D:11     | Found a staircase to the Lair.
  9378 | D:11     | Noticed a queen ant
  9429 | D:11     | Reached skill level 12 in Armour
  9488 | D:11     | Reached XP level 12. HP: 140/140 MP: 8/8
  9495 | D:11     | Reached skill level 1 in Invocations
  9791 | D:11     | Killed a queen ant
 10207 | Lair:1   | Entered Level 1 of the Lair of Beasts
 10333 | Lair:1   | Got a fine ring mail
 10344 | Lair:1   | Identified the +1 ring mail "Hofib" {Dex+4 Slay+6} (You found it on level 1 of the Lair of Beasts)
 10409 | Lair:1   | Reached skill level 5 in Invocations
 11231 | Lair:2   | Reached skill level 5 in Dodging
 11824 | Lair:3   | Reached skill level 13 in Long Blades
 11900 | Lair:3   | Reached XP level 13. HP: 153/153 MP: 11/11
 12225 | Lair:3   | Noticed a five-headed hydra
 12233 | Lair:3   | Killed a five-headed hydra
 12726 | Lair:4   | Found a staircase to the Swamp.
 12803 | Lair:4   | Found a labyrinth entrance.
 12819 | Lab      | Entered a labyrinth
 14807 | Lair:5   | Noticed Flanowski's ghost (journeyman MfBe)
 14853 | Lair:5   | Killed Flanowski's ghost
 15720 | Lair:6   | Reached skill level 14 in Long Blades
 15933 | Lair:6   | Found a staircase to the Snake Pit.
 16503 | Lair:7   | Gained mutation: You resist negative energy. [Deep Dwarf growth]
 16503 | Lair:7   | Reached XP level 14. HP: 130/166 MP: 12/12
 16652 | Lair:7   | Noticed Flanowski's ghost (journeyman VSAs)
 16662 | Lair:7   | Killed Flanowski's ghost
 16672 | Lair:7   | Found a viscous altar of Jiyva.
 16672 | Lair:7   | Found a staircase to the Slime Pits.
 16876 | Lair:8   | Entered Level 8 of the Lair of Beasts
 16999 | Lair:8   | Reached skill level 10 in Dodging
 17362 | Lair:8   | Reached skill level 15 in Long Blades
 17615 | Lair:8   | Identified a +8 rod of destruction (11/11) (You found it on level 8 of the Lair of Beasts)
 18531 | D:12     | Found a burning altar of Makhleb.
 18533 | D:12     | Noticed an Executioner
 19294 | D:13     | Found Ogatef's Magic Scroll Shoppe.
 19450 | D:13     | Reached XP level 15. HP: 179/181 MP: 13/13
 19647 | D:13     | Got a pitted lajatang
 19650 | D:13     | Found a gate to the Vaults.
 19848 | D:14     | Found a shadowy altar of Dithmenos.
 20168 | D:14     | Found Buaj's Book Shoppe.
 20399 | D:14     | Identified the +6 lajatang of Infection {pain, Int+4} (You found it on level 13 of the Dungeon)
 20733 | Orc:1    | Entered Level 1 of the Orcish Mines
 20975 | Orc:1    | Found Heda Ont's General Store.
 21011 | Orc:1    | Bought a box of beasts for 320 gold pieces
 21155 | Orc:2    | Found Deelenol's Book Boutique.
 21226 | Orc:3    | Found a staircase to the Elven Halls.
 21256 | Orc:3    | Found Bugh's Armour Boutique.
 22284 | Orc:4    | Entered Level 4 of the Orcish Mines
 22363 | Orc:4    | Noticed Rupert
 22381 | Orc:4    | Killed Rupert
 22406 | Orc:4    | Found Puoc's Armour Shoppe.
 22425 | Orc:4    | Found a roughly hewn altar of Beogh.
 22480 | Orc:4    | Found a roughly hewn altar of Beogh.
 22514 | Orc:4    | Found a roughly hewn altar of Beogh.
 22633 | Orc:4    | Noticed Flanowski's ghost (journeyman MiFi)
 22648 | Orc:4    | Killed Flanowski's ghost
 22773 | Orc:4    | Found a roughly hewn altar of Beogh.
 22774 | Orc:4    | Found Leent's Book Boutique.
 22784 | Orc:4    | Reached skill level 16 in Long Blades
 22865 | Orc:4    | Found a roughly hewn altar of Beogh.
 22865 | Orc:4    | Found Lammelaoju's General Store.
 22941 | Orc:4    | Found a roughly hewn altar of Beogh.
 23139 | Orc:4    | Found Asor's Antique Weapon Shop.
 23140 | Orc:4    | Found a roughly hewn altar of Beogh.
 23141 | Orc:4    | Found Edydymn's Antique Armour Boutique.
 23234 | Orc:4    | Found a roughly hewn altar of Beogh.
 23697 | Swamp:1  | Entered Level 1 of the Swamp
 24400 | Swamp:2  | Noticed Kirke
 24423 | Swamp:2  | Killed Kirke
 24461 | Swamp:2  | Reached skill level 15 in Fighting
 24593 | Swamp:2  | Reached XP level 16. HP: 149/195 MP: 14/14
 24790 | Swamp:2  | Noticed Nikola
 24816 | Swamp:2  | Noticed Donald
 24818 | Swamp:2  | Killed Donald
 24818 | Swamp:2  | Killed from afar by Nikola

Action                   |  1- 3 |  4- 6 |  7- 9 | 10-12 | 13-15 | 16-18 || total
-------------------------+-------+-------+-------+-------+-------+-------++-------
Melee: Long sword        |   123 |   237 |   673 |  1481 |       |       ||  2514
       Great sword       |       |       |       |   117 |  1777 |    33 ||  1927
       Flail             |       |       |       |       |    16 |       ||    16
       Scimitar          |       |       |       |       |    26 |       ||    26
Throw: Throwing net      |       |     2 |       |     1 |       |       ||     3
Invok: Lesser Servant of |       |       |       |       |     2 |       ||     2
 Abil: Device Recharging |       |       |     1 |     5 |       |       ||     6
Evoke: Wand              |     1 |     3 |     6 |    27 |     2 |     2 ||    41
       Phial of floods   |       |       |       |       |     1 |       ||     1
  Use: Scroll            |       |     7 |    13 |    14 |     8 |       ||    42
       Potion            |       |       |     2 |     6 |     3 |       ||    11
 Stab: Held in net/web   |       |     1 |       |     1 |       |       ||     2
       Invisible         |       |       |       |     5 |       |       ||     5
       Distracted        |       |       |       |     1 |       |       ||     1
       Sleeping          |       |       |       |       |     2 |       ||     2
       Petrified         |       |       |       |       |     1 |       ||     1
  Eat: Chunk             |     1 |     5 |     8 |     8 |    24 |       ||    46
       Bread ration      |       |       |     1 |       |     2 |       ||     3
       Beef jerky        |       |       |       |     5 |       |       ||     5
       Fruit             |       |       |       |     6 |       |       ||     6
       Pizza             |       |       |       |     1 |     6 |       ||     7
       Meat ration       |       |       |       |       |       |     1 ||     1
